 Dungeon Crawl Stone Soup version 0.30-a0-939-gc8157cb160 (webtiles) character file.

Game seed: 10810035659215938732

236 shadizar the Shield-Bearer (level 6, -2/39 HPs)
             Began as a Gargoyle Fighter on Mar 25, 2023.
             Slain by a gnoll
             ... wielding a +0 flail
             ... led by a gnoll bouda
              (8 damage)
             ... on level 3 of the Dungeon.
             The game lasted 00:03:24 (2492 turns).

shadizar the Shield-Bearer (Gargoyle Fighter)       Turns: 2492, Time: 00:03:25

Health: -2/39      AC: 15    Str: 22    XL:     6   Next: 6%
Magic:  6/6        EV:  7    Int:  8    God:
Gold:   187        SH:  4    Dex:  9    Spells: 5/5 levels left

rFire   . . .      SeeInvis .    a - +0 war axe
rCold   . . .      Faith    .    c - +0 buckler
rNeg    + . .      Spirit   .    q - +0 chain mail
rPois   ∞          Reflect  .    (no helmet)
rElec   +          Rampage  .    s - +0 cloak
rCorr   .                        (no gloves)
Will    .....                    (no boots) Stlth
                                 (no amulet)
HPRegen 0.26/turn                (no ring)
MPRegen 0.10/turn                (no ring)

@: no status effects
A: sickness immunity, AC +4, negative energy resistance 1, electricity
resistance, torment resistance 1, petrification resistance
a: no special abilities


You were on level 3 of the Dungeon.
You visited 1 branch of the dungeon, and saw 4 of its levels.

You collected 187 gold pieces.

Inventory:

Hand Weapons
 a - a +0 war axe (weapon)
Armour
 c - a +0 buckler (worn)
 m - a +2 leather armour of fire resistance
 q - a +0 chain mail (worn)
 s - a +0 cloak (worn)
Scrolls
 f - a scroll of immolation {unknown}
 g - 5 scrolls of identify {unknown}
 h - a scroll of amnesia {unknown}
 j - a scroll of magic mapping {unknown}
 k - 2 scrolls of fear {unknown}
Potions
 i - 4 potions of curing {unknown}
 l - 2 potions of degeneration {unknown}
 n - a potion of mutation {unknown}
 o - 2 potions of haste {unknown}
 p - a potion of flight {unknown}
 r - a potion of brilliance {unknown}


   Skills:
 + Level 4.5 Fighting
 + Level 3.1 Axes
 + Level 4.5 Armour
 + Level 4.6 Shields


You had 5 spell levels left.
You didn't know any spells.
Your spell library was empty.

Dungeon Overview and Level Annotations

Branches:
Dungeon (4/15)
 Temple: D:4-7

Altars:


Innate Abilities, Weirdness & Mutations

You are immune to sickness and miasma.
Your stone body is resilient. (AC +4)
You are immune to poison.
You resist negative energy. (rN+)
You are resistant to electric shocks. (rElec)
You are resistant to unholy torment.
You are immune to petrification.


Message History

The gnoll hits you from afar with a +0 halberd!
The gnoll hits you with a +0 halberd!
Things that are here:
a +0 quarterstaff; a gnoll corpse You are too injured to fight recklessly!
You are too injured to fight recklessly!
You are too injured to fight recklessly!
You are too injured to fight recklessly!
You are too injured to fight recklessly!
You are too injured to fight recklessly!
You are too injured to fight recklessly!
You are too injured to fight recklessly!
You are too injured to fight recklessly!
You are too injured to fight recklessly!
You are too injured to fight recklessly!
You are too injured to fight recklessly!
You are too injured to fight recklessly!
You are too injured to fight recklessly!
You are too injured to fight recklessly!
You are too injured to fight recklessly!
You are too injured to fight recklessly!
You are too injured to fight recklessly!
You hit the gnoll.
The gnoll is lightly wounded.
You hit the gnoll.
The gnoll hits you but does no damage. x2
The gnoll attacks as you move away! You block the gnoll's attack.
The gnoll attacks as you move away! The gnoll completely misses you.
The gnoll hits you from afar with a +0 halberd.
The gnoll attacks as you move away! The gnoll closely misses you.
There is a stone staircase leading up here.
You block the gnoll's attack.
The gnoll hits you from afar with a +0 halberd!
* * * LOW HITPOINT WARNING * * *
You climb upwards.
There is a stone staircase leading down here.
Things that are here:
a +0 leather armour; a +0 club You closely miss the gnoll.
The gnoll hits you but does no damage. The gnoll hits you with a +0 flail!
You die...

###~##)8#))....#.................
~~_~~~~~#~.......##..........####
.~.~.~###~.....##...........#....
~~.~~.~~..#.#####....##.....#....
~..~..#~#...####....##...........
~~.~.##.#.#.........##..[........
#+++#~....#........###........###
.~~~~.......................####.
....##..........@..#####...#####.
...............g.).# ###.####...
.........#...##[[).# #........##
...................## #......###
...........##....#..###......#
.........#.#####.............#
.........#.# ##.###.........#
.......#...## #..# ####......#
......###..<###.## #......#


You could see a gnoll.

Vanquished Creatures
  A howler monkey (D:4)
  A gnoll bouda (D:3)
  5 gnolls
  3 adders
  A dart slug (D:2)
  13 orcs
  2 endoplasms
  A giant cockroach (D:4)
  7 goblins
  9 hobgoblins
  3 jackals (D:3)
  6 kobolds
  2 quokkas (D:1)
  6 ball pythons
  3 bats (D:1)
  3 frilled lizards
  4 rats
  A spectral hobgoblin (D:3)
71 creatures vanquished.

Notes
Turn   | Place    | Note
-------+----------+-------------------------------------------
     0 | D:1      | shadizar the Gargoyle Fighter began the quest for the Orb.
     0 | D:1      | Reached XP level 1. HP: 14/14 MP: 1/1
   167 | D:1      | Reached XP level 2. HP: 19/19 MP: 2/2
   527 | D:1      | Reached XP level 3. HP: 23/23 MP: 3/3
  1254 | D:2      | Reached XP level 4. HP: 26/29 MP: 4/4
  1676 | D:3      | Found a faded altar of an unknown god.
  1695 | D:3      | Reached XP level 5. HP: 17/33 MP: 5/5
  2324 | D:3      | Reached XP level 6. HP: 5/39 MP: 6/6
  2492 | D:3      | Slain by a gnoll

Illustrated notes

Levels and vault maps discovered:
D:1:      tarquinn_simple_flora_water_f, layout_loops_cross,
          minmay_strange_pillars, minmay_misc_feat_ornament
D:2:      layout_basic, serial_co_window_serial, co_window_paths_a,
          co_window_of_opportunity_a, co_window_paths_b, co_window_corner_a,
          co_window_corner_a, co_window_corner_ca, co_window_broadway_a,
          co_window_broadway_b, co_window_corner_b, glass_columns_b,
          glass_columns_b, glass_columns_c, glass_columns_c
D:3:      layout_rooms, dreamdust_ecumenical_altar_drowned_temple
D:4:      layout_basic

Skill      XL: |  1  2  3  4  5 |
---------------+----------------+-----
Axes           | 2 3 |  3.1
Fighting       | 4 |  4.5
Armour         | 4 |  4.5
Shields        | 4 |  4.6

Action                     |  1- 3 |  4- 6 || total
---------------------------+-------+-------++-------
  Melee: War axe           |   104 |    99 ||   203
    Use: Potion            |       |     1 ||     1
 Armour: Scale mail        |    66 |    39 ||   105
         Chain mail        |       |    26 ||    26
  Dodge: Dodged            |    53 |    45 ||    98
  Block: Buckler           |    27 |    26 ||    53

Table legend: (Time is in decaauts)
 A = Elapsed time spent in this place.
 B = Non-inter-level travel time spent in this place.
 C = Inter-level travel time spent in this place.
 D = Time resting spent in this place.
 E = Time spent auto-exploring this place.
 F = Levels seen in this place.
 G = Mean time per level.
                   A        B        C        D        E       F      G
               +--------+--------+--------+--------+--------+-----+--------+
         Total |   2581 |   2499 |     82 |      0 |   1832 |   4 |  645.2 |
       Dungeon |   2581 |   2499 |     82 |      0 |   1832 |   4 |  645.2 |
               +--------+--------+--------+--------+--------+-----+--------+

Top non-repeatable levels by time:
     D:2: 904 daAuts
     D:3: 745 daAuts
     D:1: 706 daAuts
     D:4: 225 daAuts
